 Dungeon Crawl Stone Soup version 0.18.1-6-gd335043 (webtiles) character file.

465 MARSONE the Shield-Bearer (level 7, -5/43 HPs)
             Began as a Gargoyle Fighter on May 20, 2016.
             Was a Follower of Makhleb.
             Killed by divine providence
             ... invoked by an orc priest
              (10 damage)
             ... on level 4 of the Dungeon.
             The game lasted 00:29:48 (4893 turns).

MARSONE the Shield-Bearer (Gargoyle Fighter)        Turns: 4893, Time: 00:29:48

Health: -5/43      AC: 13    Str: 22    XL:     7   Next: 8%
Magic:  7/7        EV:  7    Int:  8    God:    Makhleb [*.....]
Gold:   293        SH:  9    Dex:  9    Spells: 0 memorised, 6 levels left

rFire  . . .     SeeInvis .     a - +1 flail
rCold  . . .     Gourm    .     b - +0 scale mail
rNeg   + . .     Faith    .     c - +0 shield
rPois  ∞         Spirit   .     (no helmet)
rElec  +         Dismiss  .     (no cloak)
rCorr  .         Reflect  .     g - +0 pair of gloves
SustAt .         Harm     .     (no boots)
MR     .....                    (no amulet)
Stlth  ..........               (no ring)
                                (no ring)

@: drained, not resistant to hostile enchantments, extremely unstealthy
A: negative energy resistance 1, electricity resistance, unbreathing,
petrification resistance, rot immunity, AC +4
a: Renounce Religion


You were on level 4 of the Dungeon.
You worshipped Makhleb.
Makhleb was aware of your devotion.
You were not hungry.

You visited 1 branch of the dungeon, and saw 4 of its levels.

You collected 293 gold pieces.

Inventory:

Hand Weapons
 a - a +1 flail (weapon)
 w - a +0 flail
Missiles
 e - 132 stones (quivered)
 h - 12 sling bullets
 i - 85 arrows
Armour
 b - a +0 scale mail (worn)
 c - a +0 shield (worn)
 g - a +0 pair of gloves (worn)
 p - a +0 ring mail
 q - a +1 ring mail
Scrolls
 j - a scroll of amnesia
 k - 2 scrolls of enchant armour
 l - a scroll of remove curse
 u - a scroll of teleportation
 x - 2 scrolls of identify
Potions
 r - a potion of mutation {unknown}
 s - a potion of curing
 t - a potion of heal wounds {unknown}
Comestibles
 f - a bread ration
 m - a slice of pizza
 o - 3 meat rations
 v - 2 beef jerkies


   Skills:
 + Level 4.1(3.2) Fighting
 + Level 3.4(2.5) Maces & Flails
 + Level 0.5(0.0) Throwing
 + Level 5.4(4.5) Armour
 - Level 0.1(0.0) Dodging
 + Level 5.8(4.9) Shields


You had 6 spell levels left.
You didn't know any spells.

Dungeon Overview and Level Annotations

Branches:
Dungeon (4/15)
 Temple: D:4-7

Altars:
Gozag
Makhleb
Qazlal


Innate Abilities, Weirdness & Mutations

You are resistant to torment.
Your stone body is resilient (AC +4).
You are immune to poison.
You resist negative energy.
You are resistant to electric shocks.
You can survive without breathing.
You are immune to petrification.
You are immune to rotting.


Message History

The orc wizard barely misses you.
Your shield and scale mail prevent you from hitting the orc.
The orc wizard hits you but does no damage.
The orc hits you with a morningstar of holy wrath.
You block the orc wizard's attack.
Your shield and scale mail prevent you from hitting the orc wizard.
The orc wizard is lightly wounded.
The orc wizard hits you with a dagger.
The orc priest mumbles some strange prayers to Beogh against you.
Beogh smites you!
You closely miss the orc. The orc wizard barely misses you.
The orc priest mumbles some strange prayers to Beogh against you.
Beogh smites you!
* * * LOW HITPOINT WARNING * * *
You block the orc's attack.
The orc wizard hits you but does no damage.
The orc wizard looks braver for a moment.
The orc priest invokes the aid of Beogh against you.
Beogh smites you!
You die...

#####.............###.##
#.>.......###.######...##
#.######......# ##.###.##
#####.#........#..## #.##
##.# ...÷..#.####...#.<.#
#.# #.# #######.#
#.#####.# #.## ##.# #.#
#...#...# ##.###.## #.#
##..#.### ##...## #.#
#...@# ##.####### #.#
#.#.## #.......# #####.#
#.#o# #######.# ###.....#
#.#.# #.#
.>#.##..#####.#o# #.#
.o............oo# #.#
........#####.###
############.#
###.##......o..#
#..=.........#
###.#########..#
#.############


You could see an orc priest, an orc wizard and 2 orcs.

Vanquished Creatures
  An ogre (D:4)
  A howler monkey (D:4)
  Ijyb (D:2)
  3 worker ants (D:4)
  7 gnolls
  6 adders
  2 oozes (D:2)
  2 worms (D:2)
  2 dart slugs
  6 giant geckos
  6 orcs
  A ball python (D:3)
  5 bats
  7 giant cockroaches
  7 goblins
  12 hobgoblins
  9 jackals
  3 quokkas
  3 giant newts
  4 kobolds
  11 rats
  15 fungi (D:2)
  6 plants (D:1)
120 creatures vanquished.

Vanquished Creatures (others)
  A fungus (D:2)
1 creature vanquished.

Grand Total: 121 creatures vanquished

Notes
Turn   | Place    | Note
--------------------------------------------------------------
     0 | D:1      | MARSONE the Gargoyle Fighter began the quest for the Orb.
     0 | D:1      | Reached XP level 1. HP: 14/14 MP: 1/1
   435 | D:1      | Reached XP level 2. HP: 17/19 MP: 2/2
   551 | D:1      | Reached XP level 3. HP: 17/23 MP: 3/3
  1329 | D:2      | Noticed Ijyb
  1350 | D:2      | Killed Ijyb
  1350 | D:2      | Reached XP level 4. HP: 25/28 MP: 4/4
  1990 | D:2      | Reached XP level 5. HP: 32/32 MP: 5/5
  2528 | D:2      | Reached skill level 5 in Shields
  2747 | D:3      | Found a burning altar of Makhleb.
  2869 | D:3      | Became a worshipper of Makhleb the Destroyer
  3119 | D:3      | Found a stormy altar of Qazlal.
  3381 | D:3      | Reached XP level 6. HP: 38/38 MP: 6/6
  3959 | D:4      | Found an opulent altar of Gozag.
  4011 | D:4      | Reached * piety under Makhleb
  4011 | D:4      | Reached skill level 5 in Armour
  4420 | D:4      | Reached XP level 7. HP: 39/43 MP: 7/7
  4893 | D:4      | Killed from afar by an orc priest

Skill      XL: |  1  2  3  4  5  6 |
---------------+-------------------+-----
Armour         | 4 5 |  5.4
Shields        | 4 5 |  5.8
Fighting       | 4 |  4.1
Maces & Flails | 3 |  3.4
Throwing       | |  0.5
Dodging        | |  0.1

Action                   |  1- 3 |  4- 6 |  7- 9 || total
-------------------------+-------+-------+-------++-------
Melee: Flail             |   266 |   491 |    18 ||   775
Throw: Stone             |    18 |     2 |       ||    20
  Use: Scroll            |       |    10 |       ||    10
       Potion            |       |     4 |       ||     4
  Eat: Chunk             |     2 |     4 |       ||     6
       Bread ration      |       |     2 |       ||     2
Armor: Scale mail        |    69 |   183 |     8 ||   260
       Skin              |       |    18 |       ||    18
Dodge: Dodged            |    55 |   124 |     6 ||   185
Block: Shield            |    85 |   250 |     9 ||   344
